 Dungeon Sprint DCSS version 0.26.1-11-gd32895ea62 (webtiles) character file.

Game seed: 3289317429195144126

5257 Groucho the Covert (level 10, -16/44 HPs)
             Began as a Spriggan Enchanter on July 6, 2021.
             Was the Champion of Kikubaaqudgha.
             Demolished by a minotaur (34 damage)
             ... in the Dungeon (Sprint VII: "The Pits").
             The game lasted 00:10:47 (2876 turns).

Groucho the Covert (Spriggan Enchanter)             Turns: 2876, Time: 00:10:47

Health: -16/44     AC:  5    Str:  6    XL:     10   Next: 36%
Magic:  20/25      EV: 31    Int: 20    God:    Kikubaaqudgha [******]
Gold:   0          SH:  0    Dex: 18    Spells: 10/30 levels left

rFire    . . .     SeeInvis +   s - +2 dagger (venom)
rCold    . . .     Faith    .   (shield restricted)
rNeg     . . .     Spirit   .   b - +0 robe
rPois    .         Reflect  .   (helmet restricted)
rElec    .         Harm     .   (no cloak)
rCorr    .         Rampage  .   (gloves unavailable)
Will     +....     NoTele   +   (boots unavailable)
Stlth    ++++++....             (no amulet)
HPRegen  0.14/turn              n - +3 ring of protection
MPRegen  0.19/turn              o - +3 ring of intelligence

@: confusing touch, very quick
A: very small, unfitting armour, see invisible, speed 3
a: Renounce Religion, Receive Corpses, Torment


You were in the Dungeon.
You worshipped Kikubaaqudgha.
Kikubaaqudgha was exalted by your worship.
You visited 1 branch

Inventory:

Hand Weapons
 a - a +2 dagger
 i - a +2 dagger of electrocution
 s - a +2 dagger of venom (weapon)
Missiles
 m - 10 stones
 t - 3 curare-tipped darts (quivered)
Armour
 b - a +0 robe (worn)
Jewellery
 n - a +3 ring of protection (left hand)
 o - a +3 ring of intelligence (right hand)
Scrolls
 j - 3 scrolls of remove curse
 k - 5 scrolls of amnesia
 l - a scroll of summoning
Potions
 c - 2 potions of invisibility
 d - 4 potions of curing
 e - 8 potions of heal wounds
 f - 2 potions of haste
 g - 4 potions of magic
 h - 3 potions of berserk rage
 p - 2 potions of brilliance
 q - a potion of might
 r - a potion of mutation


   Skills:
 * Level 11.5 Short Blades
 * Level 14.5 Dodging
 + Level 14.7 Stealth
 + Level 10.6 Spellcasting
 * Level 13.5 Hexes
 * Level 9.7 Necromancy


You had 10 spell levels left.
You knew the following spells:

 Your Spells              Type           Power        Failure   Level
a - Corona                Hex            66%          1%          1
b - Ensorcelled Hibernat  Hex/Ice        74%          1%          2
c - Confusing Touch       Hex            60%          1%          3
d - Dazzling Flash        Conj/Hex       74%          1%          3
e - Vampiric Draining     Necr           24%          1%          3
f - Animate Dead          Necr           24%          1%          4
g - Dispel Undead         Necr           49%          1%          4

Your spell library contained the following spells:

 Spells                   Type           Power        Failure   Level
 Pain                     Necr           100%         1%          1
 Corpse Rot               Necr/Air       N/A          1%          2
 Sublimation of Blood     Necr           24%          1%          2
 Tukima's Dance           Hex            60%          1%          3
 Agony                    Necr           49%          3%          5
 Excruciating Wounds      Necr           24%          3%          5
 Borgnjor's Vile Clutch   Necr/Erth      15%          24%         5
 Haunt                    Necr/Summ      15%          100%        7
 Borgnjor's Revivificati  Necr           24%          100%        8
 Infestation              Necr           24%          100%        8
 Necromutation            Tmut/Necr      15%          100%        8
 Death's Door             Necr           24%          100%        9


Dungeon Overview and Level Annotations

Branches:
Dungeon (1/1)

Altars:
Ashenzari
Cheibriados
Dithmenos
Elyvilon
Fedhas
Gozag
Hepliaklqana
Kikubaaqudgha
Makhleb
Nemelex Xobeh
Okawaru
Qazlal
Ru
Sif Muna
Trog
Uskayaw
Vehumet
Wu Jian
Xom
Yredelemnul
Zin
The Shining One
Beogh
Jiyva
Lugonu


Innate Abilities, Weirdness & Mutations

You are very small and have problems with some larger weapons.
You are too small for most types of armour.
You have supernaturally acute eyesight. (SInv)
You cover ground extremely quickly.


Message History

Unknown command.
You hit the minotaur but do no damage.
The minotaur is lightly wounded.
You hit the minotaur but do no damage.
The minotaur is lightly wounded.
The minotaur hits you but does no damage.
The minotaur gores you.
You hit the minotaur but do no damage.
The minotaur is lightly wounded.
You barely miss the minotaur.
The minotaur is lightly wounded.
The minotaur completely misses you. The minotaur gores you!
You hit the minotaur but do no damage.
The minotaur is lightly wounded.
You hit the minotaur but do no damage.
The minotaur is lightly wounded.
The minotaur looks more healthy.
The minotaur hits you!!
Ouch! That really hurt!
You die...
Kikubaaqudgha rasps: "You have failed me!
Welcome... death!"

....#..#......#
..............+
..............+
....#.Z#......#
......).......#
#'#####''######
.....##''##############
.....##).....#..(H....#
.....##....###..@###...#
.<.).##...##.+...'.## H
.....##..##..##'##..##
.....##..#..##...##..+
.....##.)#..#.....#.)#
#######.))..'.....'..+
#######..#).#(....#.÷#
#..[[##.†#..##...##..+
#..[[##..##..##'##..##


You could see a minotaur.

Vanquished Creatures
  A vampire knight (D)
  Sonja (D)
  A deep troll (D)
  A phantasmal warrior (D)
  A deep elf mage (D)
  An elephant (D)
  A komodo dragon (D)
  A freezing wraith (D)
  A hellwing (D)
  A hornet (D)
  A tarantella (D)
  A wyvern (D)
  A chaos spawn (D)
  A warg (D)
  Purgy (D)
  An orc warrior (D)
  A wolf (D)
  A scorpion (D)
  A crimson imp (D)
  3 orc priests (D)
  Jessica (D)
  An iguana (D)
  3 orc wizards (D)
  A worker ant (D)
  2 gnolls (D)
  An ufetubus (D)
  An ooze (D)
  6 orcs (D)
  A giant cockroach (D)
  A kobold (D)
  2 ball pythons (D)
  2 frilled lizards (D)
  A leopard gecko skeleton (D)
  A rat (D)
46 creatures vanquished.

Vanquished Creatures (collateral kills)
  An orc wizard (D)
  2 orcs (D)
3 creatures vanquished.

Grand Total: 49 creatures vanquished

Notes
Turn   | Place    | Note
-------+----------+-------------------------------------------
     0 | D        | Groucho the Spriggan Enchanter began the quest for the Orb.
     0 | D        | Reached XP level 1. HP: 9/9 MP: 5/5
    12 | D        | Reached skill level 5 in Stealth
    39 | D        | Found a bloodstained altar of Trog.
    39 | D        | Found a shimmering blue altar of Sif Muna.
    39 | D        | Found a viscous altar of Jiyva.
    39 | D        | Found a hazy altar of Hepliaklqana.
    39 | D        | Found an opulent altar of Gozag.
    40 | D        | Found a glowing golden altar of the Shining One.
    40 | D        | Found a glowing silver altar of Zin.
    40 | D        | Found a basalt altar of Yredelemnul.
    40 | D        | Found a shimmering altar of Xom.
    40 | D        | Found an ornate altar of the Wu Jian Council.
    40 | D        | Found a sacrificial altar of Ru.
    40 | D        | Found a stormy altar of Qazlal.
    40 | D        | Found an iron altar of Okawaru.
    40 | D        | Found a sparkling altar of Nemelex Xobeh.
    40 | D        | Found a burning altar of Makhleb.
    40 | D        | Found a blossoming altar of Fedhas.
    40 | D        | Found a white marble altar of Elyvilon.
    40 | D        | Found a shadowy altar of Dithmenos.
    40 | D        | Found a snail-covered altar of Cheibriados.
    42 | D        | Found a radiant altar of Vehumet.
    42 | D        | Found a corrupted altar of Lugonu.
    42 | D        | Found a roughly hewn altar of Beogh.
    43 | D        | Found a hide-covered altar of Uskayaw.
    43 | D        | Found an ancient bone altar of Kikubaaqudgha.
    43 | D        | Found a broken altar of Ashenzari.
    52 | D        | Became a worshipper of Kikubaaqudgha
    76 | D        | Noticed a worker ant
    77 | D        | Killed a worker ant
    77 | D        | Reached * piety under Kikubaaqudgha
    77 | D        | Identified Kikubaaqudgha's Handbook of Sinister Arts
                  | (Kikubaaqudgha gifted it to you in the Dungeon)
    77 | D        | Received a gift from Kikubaaqudgha
    78 | D        | Reached skill level 5 in Hexes
    78 | D        | Reached XP level 2. HP: 13/13 MP: 6/8
    78 | D        | Reached XP level 3. HP: 16/16 MP: 6/9
    95 | D        | Learned a level 2 spell: Ensorcelled Hibernation
    99 | D        | Learned a level 3 spell: Confusing Touch
   122 | D        | Reached skill level 5 in Spellcasting
   125 | D        | Reached ** piety under Kikubaaqudgha
   139 | D        | Reached skill level 10 in Stealth
   139 | D        | Reached XP level 4. HP: 19/21 MP: 3/12
   258 | D        | Reached *** piety under Kikubaaqudgha
   258 | D        | Identified Kikubaaqudgha's Catalogue of Darkness
                  | (Kikubaaqudgha gifted it to you in the Dungeon)
   258 | D        | Received a gift from Kikubaaqudgha
   267 | D        | Learned a level 3 spell: Dazzling Flash
   633 | D        | Reached skill level 1 in Necromancy
   633 | D        | Reached XP level 5. HP: 24/24 MP: 8/14
   643 | D        | Noticed Jessica
   665 | D        | Reached **** piety under Kikubaaqudgha
   670 | D        | Killed Jessica
   671 | D        | Reached skill level 5 in Dodging
   758 | D        | Noticed Purgy
   772 | D        | Killed Purgy
   773 | D        | Reached XP level 6. HP: 11/28 MP: 8/16
  1197 | D        | Reached skill level 5 in Short Blades
  1198 | D        | Noticed a phantasmal warrior
  1200 | D        | Killed a phantasmal warrior
  1200 | D        | Reached ***** piety under Kikubaaqudgha
  1201 | D        | Reached skill level 10 in Hexes
  1201 | D        | Reached skill level 5 in Necromancy
  1201 | D        | Reached XP level 7. HP: 32/32 MP: 16/19
  1220 | D        | Reached skill level 10 in Dodging
  1593 | D        | Noticed a wyvern
  1595 | D        | Noticed a deep elf mage
  1625 | D        | Killed a wyvern
  1626 | D        | Reached XP level 8. HP: 36/36 MP: 13/21
  1794 | D        | Killed a deep elf mage
  1952 | D        | Reached ****** piety under Kikubaaqudgha
  2211 | D        | Received a gift from Kikubaaqudgha
  2220 | D        | Noticed a hornet
  2260 | D        | Killed a hornet
  2265 | D        | Learned a level 3 spell: Vampiric Draining
  2270 | D        | Learned a level 4 spell: Animate Dead
  2275 | D        | Learned a level 4 spell: Dispel Undead
  2312 | D        | Noticed a freezing wraith
  2332 | D        | Killed a freezing wraith
  2333 | D        | Reached XP level 9. HP: 32/39 MP: 17/23
  2494 | D        | Noticed a komodo dragon
  2498 | D        | Killed a komodo dragon
  2502 | D        | Noticed Sonja
  2510 | D        | Killed Sonja
  2511 | D        | Reached skill level 10 in Short Blades
  2536 | D        | Noticed a vampire knight
  2536 | D        | Noticed an elephant
  2538 | D        | Noticed a hellwing
  2538 | D        | Noticed a deep troll
  2539 | D        | Killed a vampire knight
  2540 | D        | Reached skill level 10 in Spellcasting
  2540 | D        | Reached XP level 10. HP: 44/44 MP: 15/25
  2540 | D        | Killed an elephant
  2543 | D        | Killed a deep troll
  2850 | D        | Noticed a minotaur
  2876 | D        | Demolished by a minotaur

Illustrated notes

Levels and vault maps discovered:
D:        pitsprint [storerooms_1, entrance_room_1, metal_vault_6, armoury_2,
          mini_pit_1, grid_room_1, main_hall_1, silver_pit, the_coven_1,
          the_vestibule_1, steel_vault_2, golden_pit, hallway_of_sentries,
          crystal_vault_5, iron_vault_2, final_vault]

Skill      XL: |  1  2  3  4  5  6  7  8  9 |
---------------+----------------------------+-----
Stealth        | 8 10 11 12 13 14 | 14.7
Spellcasting   | 4 5 6 8 9 10 | 10.6
Hexes          | 5 6 8 10 11 13 | 13.5
Short Blades   | 2 4 7 9 11 | 11.5
Dodging        | 4 7 9 10 12 14 | 14.5
Necromancy     | 1 3 5 6 7 9 |  9.7

Action                   |  1- 3 |  4- 6 |  7- 9 | 10-12 || total
-------------------------+-------+-------+-------+-------++-------
Melee: Dagger            |    13 |    27 |    42 |    21 ||   103
Throw: Stone             |       |       |     1 |       ||     1
       Dart              |       |       |       |     1 ||     1
 Cast: Ensorcelled Hiber |     4 |    12 |    23 |     2 ||    41
       Corona            |     1 |     1 |       |       ||     2
       Confusing Touch   |       |     4 |     3 |     2 ||     9
       Animate Dead      |       |       |     3 |       ||     3
Invok: Receive Necronomi |       |       |     1 |       ||     1
  Use: Scroll            |       |     1 |       |       ||     1
       Potion            |       |       |     2 |     4 ||     6
 Stab: Sleeping          |     7 |     7 |    18 |     2 ||    34
       Confused          |       |     1 |     2 |     1 ||     4
Armor: Robe              |       |     2 |     2 |     2 ||     6
Dodge: Dodged            |     2 |    32 |    28 |    16 ||    78
